 Dungeon Crawl Stone Soup version 0.32-a0-791-gfc315c9ecd (webtiles) character file.

Game seed: 9996671799145314159

326 miscthings the Apothecary (level 6, 0/41 HPs)
             Began as a Coglin Alchemist on Mar 20, 2024.
             Killed from afar by an orc wizard (14 damage)
             ... with a puff of flame
             ... on level 5 of the Dungeon.
             The game lasted 00:07:13 (2592 turns).

miscthings the Apothecary (Coglin Alchemist)        Turns: 2592, Time: 00:07:13

Health: 0/41       AC:  3    Str:  9    XL:     6   Next: 49%
Magic:  4/10       EV: 11    Int: 16    God:
Gold:   197        SH:  0    Dex: 14    Spells: 2/10 levels left

rFire   . . .        p - +5 sling {Surin}
rCold   . . .        o - +0 sling {Lars}
rNeg    . . .        a - +0 robe
rPois   .            m - +0 helmet {SInv}
rElec   .            (no cloak)
rCorr   .            (no gloves)
SInv    +            (no boots)
Will    .....        (amulet unavailable)
Stlth   +            (ring unavailable)
HPRegen 0.26/turn    (ring unavailable)
MPRegen 0.12/turn    (no gizmo)

%: no passive effects
@: confused, revving
A: off-hand wielding, slow wielding, warmup strikes, no jewellery
a: Invent Gizmo


You were on level 5 of the Dungeon.
You visited 1 branch of the dungeon, and saw 5 of its levels.

You collected 223 gold pieces.
You spent 26 gold pieces at shops.

Inventory:

Hand Weapons
 o - a +0 sling (offhand) {Lars}
 p - a +5 sling (weapon) {Surin}
Armour
 a - a +0 robe (worn)
 m - a +0 helmet of see invisible (worn)
Potions
 b - a potion of magic
 c - 2 potions of curing
 f - 3 potions of lignification
 j - 2 potions of brilliance


   Skills:
 - Level 1.7 Dodging
 - Level 1.5 Stealth
 + Level 2.9 Spellcasting
 + Level 2.6 Conjurations
 + Level 1.9 Air Magic
 * Level 5.6 Alchemy


You had 2 spell levels left.
You knew the following spells:

 Your Spells              Type           Power      Damage    Failure   Level
a - Sting                 Conj/Alch      60%        1d6       3%          1
b - Mephitic Cloud        Conj/Alch/Air  13%        N/A       14%         3
c - Olgreb's Toxic Radia  Alch           20%        N/A       19%         4

Your spell library contained the following spells:

 Spells                   Type           Power      Damage    Failure   Level
 Mercury Vapours          Alch/Air       28%        N/A       6%          2
 Static Discharge         Conj/Air       18%        3-4/arc   11%         2
 Jinxbite                 Hex            4%         N/A       28%         2
 Tukima's Dance           Hex            2%         N/A       50%         3
 Ignite Poison            Fire/Alch      11%        N/A       52%         4
 Sticky Flame             Fire/Alch      11%        2d5       52%         4
 Airstrike                Air            4%         2d(1-17)  63%         4
 Summon Lightning Spire   Summ/Air       5%         N/A       77%         4
 Yara's Violent Unravell  Hex/Alch       5%         3d4       86%         5
 Passage of Golubria      Tloc           2%         N/A       88%         4
 Enfeeble                 Hex            1%         N/A       100%        7
 Ignition                 Fire           1%         3d3       100%        8


Dungeon Overview and Level Annotations

Branches:
Dungeon (5/15)
 Temple: D:4-7

Altars:
Cheibriados
Trog

Shops:
D:3 *   D:4 [


Innate Abilities, Weirdness & Mutations

You can wield a second weapon in your off-hand.
It takes a long time for you to wield or remove held weapons.
Your first few attacks do less damage.
You cannot equip rings or amulets.


Message History

Aim: an orc wizard, wielding a +0 falchion and wearing a +0 robe (severely wounded, 67% to hit)
The sting hits the orc wizard.
The orc wizard is poisoned.
The orc wizard is severely wounded.
You shoot a sling bullet. The sling bullet hits the orc wizard.
You kill the orc wizard!
You shoot a sling bullet. The sling bullet hits the orc wizard.
The orc wizard is moderately wounded.
You shoot a sling bullet.
The sling bullet closely misses the orc wizard.
You shoot a sling bullet. The sling bullet hits the orc wizard.
The orc wizard is severely wounded.
The orc wizard casts a spell at you.
You are confused.
You're too confused to cast spells.
Unknown command.
You are too confused!
Non-targeted confused fire: p) +5 sling {Surin}
Press: ? - help, Q - select action, (/) - cycle Dir - look around, f - activate Look: an orc wizard, wielding a +0 dagger and wearing a +0 robe (severely wounded)
You shoot a sling bullet. x2
The orc wizard gestures at you while chanting.
The puff of flame hits you.
Non-targeted confused fire: p) +5 sling {Surin}
Press: ? - help, Q - select action, (/) - cycle Dir - look around, f - activate Look: an orc wizard, wielding a +0 dagger and wearing a +0 robe (severely wounded)
You shoot a sling bullet. x2
Non-targeted confused fire: p) +5 sling {Surin}
Press: ? - help, Q - select action, (/) - cycle Dir - look around, f - activate Look: an orc wizard, wielding a +0 dagger and wearing a +0 robe (severely wounded)
You shoot a sling bullet. x2
You hear the slow hiss of an avalanche of sand nearby.
The orc wizard gestures at you while chanting.
The puff of flame hits you!
Non-targeted confused fire: p) +5 sling {Surin}
Press: ? - help, Q - select action, (/) - cycle Dir - look around, f - activate Look: an orc wizard, wielding a +0 dagger and wearing a +0 robe (severely wounded)
You shoot a sling bullet. x2
The orc wizard gestures at you while chanting.
The puff of flame hits you!
You die...

### ##.## ..#
##...## ###..#
#.....# .....
##....######.....
##...#.#.....#
##.)).#.....##
##@)o..)....#..
###...........
#.........##
#####.......##
##.##...........
##.[#...........#
#.<...........#.#
#..............$.
#................


You could see an orc wizard.

Vanquished Creatures
  A centaur (D:5)
  A gnoll sergeant (D:5)
  A sleepcap (D:4)
  An orc wizard (D:5)
  Robin (D:2)
  3 adders (D:2)
  3 gnolls (D:5)
  A dart slug (D:3)
  A ribbon worm (D:2)
  2 orcs
  9 endoplasms
  19 goblins
  3 hobgoblins
  6 kobolds
  5 ball pythons
  3 bats
  2 frilled lizards
  3 rats
65 creatures vanquished.

Notes
Turn   | Place    | Note
-------+----------+-------------------------------------------
     0 | D:1      | miscthings the Coglin Alchemist began the quest for the
                  | Orb.
     0 | D:1      | Reached XP level 1. HP: 13/13 MP: 3/3
   268 | D:1      | Reached skill level 1 in Conjurations
   590 | D:1      | Reached XP level 2. HP: 19/19 MP: 2/4
   771 | D:2      | Reached XP level 3. HP: 24/24 MP: 4/6
   777 | D:2      | Reached skill level 4 in Alchemy
   925 | D:2      | Learned a level 3 spell: Mephitic Cloud
  1012 | D:2      | Noticed Robin
  1024 | D:2      | Killed Robin
  1025 | D:2      | Reached XP level 4. HP: 26/30 MP: 1/7
  1276 | D:3      | Noticed a water moccasin
  1303 | D:3      | Found a snail-covered altar of Cheibriados.
  1408 | D:3      | Found Gefifu's General Store.
  1414 | D:3      | Bought a scroll of identify for 26 gold pieces
  1989 | D:4      | Found a bloodstained altar of Trog.
  2199 | D:4      | Found Uleintat's Antique Armour Emporium.
  2322 | D:4      | Reached skill level 1 in Air Magic
  2322 | D:4      | Reached XP level 5. HP: 30/35 MP: 6/8
  2327 | D:4      | Learned a level 4 spell: Olgreb's Toxic Radiance
  2500 | D:5      | Entered Level 5 of the Dungeon
  2549 | D:5      | Noticed a centaur
  2565 | D:5      | Killed a centaur
  2566 | D:5      | Reached skill level 5 in Alchemy
  2577 | D:5      | Reached XP level 6. HP: 25/41 MP: 2/10
  2592 | D:5      | Killed from afar by an orc wizard

Illustrated notes

Levels and vault maps discovered:
D:1:      dpeg_arrival_round_b, layout_basic, minmay_misc_feat_tower,
          hangedman_abyss_or_decor_lesser_grid, minivault_23,
          minmay_misc_feat_columns
D:2:      layout_rooms, minmay_misc_feat_plants, minmay_tetromino_l2, uniq_robin
D:3:      layout_basic, lemuel_doored_altar, serial_shops, shop,
          lightli_corner_chamber
D:4:      layout_basic, lemuel_coloured_pillars_altar, serial_shops,
          nicolae_shop_window_shopping
D:5:      layout_cave_pools, enter_ossuary_5, grunt_ministairs_10, uniq_duvessa

Skill      XL: |  1  2  3  4  5 |
---------------+----------------+-----
Conjurations   | 1 2 |  2.6
Spellcasting   | 2 |  2.9
Alchemy        | 4 5 |  5.6
Air Magic      | 1 |  1.9
Dodging        | |  1.7
Stealth        | |  1.5

Action                     |  1- 3 |  4- 6 || total
---------------------------+-------+-------++-------
  Melee: Unarmed           |    15 |       ||    15
         Mace              |    11 |       ||    11
         Hand axe          |    23 |    16 ||    39
         Eveningstar       |    17 |    13 ||    30
   Fire: Sling             |       |   118 ||   118
   Cast: Sting             |    37 |    10 ||    47
         Mephitic Cloud    |     1 |     2 ||     3
    Use: Scroll            |       |     9 ||     9
   Stab: Confused          |     1 |       ||     1
         Sleeping          |     1 |       ||     1
 Armour: Robe              |    33 |    26 ||    59
  Dodge: Dodged            |    29 |    18 ||    47

Table legend: (Time is in decaauts)
 A = Elapsed time spent in this place.
 B = Non-inter-level travel time spent in this place.
 C = Inter-level travel time spent in this place.
 D = Time resting spent in this place.
 E = Time spent auto-exploring this place.
 F = Levels seen in this place.
 G = Mean time per level.
                   A        B        C        D        E       F      G
               +--------+--------+--------+--------+--------+-----+--------+
         Total |   2633 |   2525 |    108 |     43 |   1869 |   5 |  526.6 |
       Dungeon |   2633 |   2525 |    108 |     43 |   1869 |   5 |  526.6 |
               +--------+--------+--------+--------+--------+-----+--------+

Top non-repeatable levels by time:
     D:4: 670 daAuts
     D:1: 664 daAuts
     D:3: 649 daAuts
     D:2: 585 daAuts
     D:5: 62 daAuts
